 Dungeon Crawl Stone Soup version 0.24.0-13-gcf9b3192b9 (webtiles) character file.

Game seed: 687021529496605375, levelgen mode: deterministic

958 H0rd4k the Cutter (level 8, 0/57 HPs)
             Began as a Human Artificer on Nov 6, 2019.
             Slain by Sigmund
             ... wielding a +0 scythe
              (10 damage)
             ... on level 6 of the Dungeon.
             The game lasted 00:08:27 (4155 turns).

H0rd4k the Cutter (Human Artificer)                 Turns: 4155, Time: 00:08:28

Health: 0/57       AC:  5    Str: 15    XL:     8   Next: 37%
Magic:  0/11       EV: 13    Int: 13    God:
Gold:   275        SH:  0    Dex: 14    Spells: 7/7 levels left

rFire    . . .     SeeInvis .   x - +10 whip of Mutilation {elec, MR+ Int+2}
rCold    . . .     Gourm    .   (no shield)
rNeg     . . .     Faith    .   b - +0 leather armour
rPois    .         Spirit   +   m - +1 helmet
rElec    .         Reflect  .   p - scarf {Spirit}
rCorr    .         Harm     .   (no gloves)
MR       +....                  (no boots)
Stlth    ++........             (no amulet)
HPRegen  0.19/turn              (no ring)
MPRegen  0.12/turn              (no ring)

@: no status effects
A: no striking features
a: no special abilities


You were on level 6 of the Dungeon.
You were hungry.

You visited 1 branch of the dungeon, and saw 6 of its levels.
You also visited: Sewer.

You collected 275 gold pieces.

Inventory:

Hand Weapons
 a - a +0 short sword
 e - a +1 dagger of protection
 x - the +10 whip of Mutilation (weapon) {elec, MR+ Int+2}
   (You found it on level 4 of the Dungeon)

   Occasionally, upon striking a foe, it will discharge some electrical energy
   and cause terrible harm.
   It affects your intelligence (+2).
   It affects your resistance to hostile enchantments.
 A - a +3 short sword
Missiles
 v - 19 poisoned darts (quivered)
 y - 7 atropa-tipped darts
 z - 5 datura-tipped darts
Armour
 b - a +0 leather armour (worn)
 j - a scarf of resistance
 m - a +1 helmet (worn)
 p - a scarf of spirit shield (worn)
Magical Staves
 C - an uncursed staff of earth {unknown}
Jewellery
 n - an uncursed amulet of magic regeneration {unknown}
 q - an uncursed ring of resist corrosion {unknown}
 B - an uncursed ring of positive energy {unknown}
Wands
 c - a wand of flame (2)
 d - a wand of enslavement (13)
Scrolls
 g - a scroll of enchant armour
 h - 2 scrolls of teleportation {unknown}
 k - a scroll of amnesia
 l - 3 scrolls of identify
 r - a scroll of noise {unknown}
 s - a scroll of enchant weapon {unknown}
 w - a scroll of blinking {unknown}
Potions
 i - 3 potions of heal wounds
 o - a potion of curing {unknown}
 t - a potion of degeneration {unknown}
 u - a potion of berserk rage {unknown}
Comestibles
 f - 14 rations


   Skills:
 + Level 2.6 Fighting
 + Level 4.7 Short Blades
 + Level 2.9 Maces & Flails
 + Level 0.1 Throwing
 + Level 2.9 Armour
 + Level 3.9 Dodging
 + Level 3.4 Stealth
 + Level 4.2 Evocations


You had 7 spell levels left.
You didn't know any spells.
Your spell library contained the following spells:

 Spells                   Type           Power        Failure   Level  Hunger
 Magic Dart               Conj           #...         36%         1    ##.....
 Blink                    Tloc           N/A          50%         2    ###....
 Call Imp                 Summ           #.......     50%         2    ###....
 Slow                     Hex            #.......     50%         2    ###....
 Conjure Flame            Conj/Fire      #.......     75%         3    ####...
 Mephitic Cloud           Conj/Pois/Air  #.......     75%         3    ####...


Dungeon Overview and Level Annotations

Branches:
Dungeon (6/15)              Sewer (visited)
 Temple: D:4-7

Altars:
Dithmenos
Nemelex Xobeh
Uskayaw

Annotations:
D:1 exclusion: downstairs
D:6 Sigmund


Message History

Sigmund says, "Now you see me, now you don't..."
Sigmund hits you from afar with a +0 scythe!
A jackal comes into view.
The centaur closely misses you.
You see here an arrow.
You barely miss the centaur.
The centaur is moderately wounded.
The centaur hits you! The jackal barely misses you. The centaur hits you!
* * * LOW HITPOINT WARNING * * *
You whack the centaur! Lightning courses through the centaur!!
You kill the centaur!
The jackal closely misses you.
Sigmund hits you from afar with a +0 scythe.
* * * LOW HITPOINT WARNING * * *
The jackal bites you.
* * * LOW HITPOINT WARNING * * *
You whack the jackal!
You kill the jackal!
Sigmund hits you from afar with a +0 scythe!
You die...

# ##### . . ... #.
#. #†# #.. #. #@# #
#?..#.###)# .#
.......?.@###.#####
........(.........#
.#........<#.####
##..###.### .....
..... ......@...###
....#.###.#


You could see Sigmund.

Vanquished Creatures
  2 sky beasts (D:5)
  2 centaurs
  A crocodile (Sewer)
  Blork the orc (D:5)
  A jelly (D:5)
  An orc wizard (D:4)
  An orc priest (D:4)
  2 hounds (D:5)
  A bullfrog skeleton (D:4)
  An iguana (D:3)
  2 worker ants
  A worker ant zombie (D:5)
  3 gnolls (D:4)
  8 adders
  2 oozes
  An adder zombie (D:5)
  A worm (D:2)
  2 dart slugs
  2 leopard geckos
  7 orcs
  11 bats
  7 giant cockroaches
  6 goblins
  5 hobgoblins
  13 jackals
  7 kobolds
  A quokka (D:1)
  4 ball pythons
  6 frilled lizards
  A leopard gecko skeleton (D:4)
  7 rats
110 creatures vanquished.

Vanquished Creatures (others)
  An iguana (D:4)
  A goblin (D:2)
2 creatures vanquished.

Grand Total: 112 creatures vanquished

Notes
Turn   | Place    | Note
-------+----------+-------------------------------------------
     0 | D:1      | H0rd4k the Human Artificer began the quest for the Orb.
     0 | D:1      | Reached XP level 1. HP: 15/15 MP: 3/3
    86 | D:1      | Reached XP level 2. HP: 7/21 MP: 4/4
   407 | D:1      | Reached XP level 3. HP: 12/26 MP: 5/5
   930 | D:1      | Reached skill level 1 in Armour
  1291 | D:2      | Reached XP level 4. HP: 19/32 MP: 6/6
  1876 | D:3      | Reached XP level 5. HP: 37/37 MP: 7/7
  2289 | D:3      | Found a glowing drain.
  2300 | Sewer    | Entered a sewer
  2355 | Sewer    | Noticed a crocodile
  2362 | Sewer    | Killed a crocodile
  2362 | Sewer    | Reached XP level 6. HP: 30/44 MP: 5/8
  2774 | D:3      | Found a sparkling altar of Nemelex Xobeh.
  3146 | D:4      | Reached XP level 7. HP: 41/50 MP: 7/10
  3147 | D:4      | Got an encrusted whip
  3148 | D:4      | Identified the +10 whip of Mutilation {elec, MR+ Int+2}
                  | (You found it on level 4 of the Dungeon)
  3227 | D:4      | Found a hide-covered altar of Uskayaw.
  3446 | D:5      | Entered Level 5 of the Dungeon
  3626 | D:5      | Reached skill level 1 in Maces & Flails
  3688 | D:5      | Noticed Blork the orc
  3696 | D:5      | Killed Blork the orc
  3804 | D:5      | Reached XP level 8. HP: 51/57 MP: 11/11
  3823 | D:5      | Found a shadowy altar of Dithmenos.
  4139 | D:6      | Noticed Sigmund
  4155 | D:6      | Slain by Sigmund

Levels and vault maps discovered:
D:1:      tarquinn_simple_flora_water_f, layout_rooms
D:2:      layout_rooms, first_ration
D:3:      layout_rooms, nicolae_overflow_hidden_temple, marbit_many_paths,
          portal_sewer_entry_d, st_stairs_6, hangedman_decor_slide_cut
D:4:      layout_basic, lemuel_doored_altar
D:5:      layout_basic, nicolae_dithmenos_shadow_blocks, kennysheep_doodads,
          uniq_blork_the_orc
D:6:      layout_basic, minmay_temple_entry_mini_moons, uniq_pikel, uniq_sigmund

Skill      XL: |  1  2  3  4  5  6  7  8 |
---------------+-------------------------+-----
Armour         | 1 2 |  2.9
Short Blades   | 2 3 4 |  4.7
Dodging        | 3 |  3.9
Fighting       | 2 |  2.6
Stealth        | 2 3 |  3.4
Evocations     | 4 |  4.2
Maces & Flails | 2 |  2.9
Throwing       | |  0.1

Action                   |  1- 3 |  4- 6 |  7- 9 || total
-------------------------+-------+-------+-------++-------
Melee: Short sword       |   170 |   182 |       ||   352
       Dagger            |       |     6 |       ||     6
       Whip              |       |       |    62 ||    62
Throw: Dart              |       |       |     1 ||     1
Evoke: Wand              |       |    30 |       ||    30
  Use: Scroll            |       |     4 |       ||     4
 Stab: Sleeping          |     1 |     1 |     3 ||     5
  Eat: Chunk             |     1 |     7 |     2 ||    10
Armor: Leather armour    |    46 |   111 |    22 ||   179
Dodge: Dodged            |   137 |   175 |    29 ||   341
